 Dungeon Crawl Stone Soup version 0.21.0-3-g78d12a8 (webtiles) character file.

135 Gaball the Slasher (level 4, -4/35 HPs)
             Began as a Demonspawn Abyssal Knight on Jan 13, 2018.
             Was a Believer of Lugonu.
             Killed by nerve-wracking pain
             ... invoked by a shadow imp
             ... summoned by Natasha
              (10 damage)
             ... on level 3 of the Dungeon.
             The game lasted 00:04:01 (1785 turns).

Gaball the Slasher (Demonspawn Abyssal Knight)      Turns: 1785, Time: 00:04:01

Health: -4/35      AC:  0    Str: 12    XL:     4   Next: 96%
Magic:  5/5        EV: 18    Int: 14    God:    Lugonu [**....]
Gold:   129        SH:  0    Dex: 18    Spells: 3/3 levels left

rFire    . . .     SeeInvis .   (weapon currently unavailable)
rCold    . . .     Gourm    .   (shield currently unavailable)
rNeg     . . .     Faith    .   (armour currently unavailable)
rPois    .         Spirit   .   (helmet currently unavailable)
rElec    .         Reflect  .   (cloak currently unavailable)
rCorr    .         Harm     .   (gloves currently unavailable)
MR       .....                  (boots currently unavailable)
Stlth    ++........             (no amulet)
HPRegen  0.11/turn              (ring currently unavailable)
MPRegen  0.09/turn              (ring currently unavailable)

@: bat-form, flying, slowed, quick
A: tiny, powered by death 2
a: Depart the Abyss, Bend Space, Renounce Religion


You were on level 3 of the Dungeon.
You worshipped Lugonu.
Lugonu was pleased with you.
You were not hungry.
You were in bat-form.
You visited 1 branch of the dungeon, and saw 3 of its levels.
You visited the Abyss 1 time.

You collected 129 gold pieces.

Inventory:

Hand Weapons
 a - a +1 falchion (melded)
Armour
 b - a +0 leather armour
 m - a +0 scale mail (melded)
Scrolls
 e - 2 scrolls of teleportation {unknown}
 f - 2 scrolls of identify {unknown}
 j - a scroll of immolation {unknown}
 l - 2 scrolls of amnesia {unknown}
 o - a scroll of remove curse {unknown}
 p - a scroll of fog {unknown}
Potions
 d - a potion of curing {unknown}
 g - a potion of lignification {unknown}
 h - 2 potions of heal wounds {unknown}
 i - a potion of degeneration {unknown}
 k - a potion of flight {unknown}
 n - a potion of berserk rage {unknown}
Comestibles
 c - 5 rations


   Skills:
 - Level 3.0 Fighting
 + Level 4.7 Long Blades
 - Level 1.7 Armour
 - Level 0.8 Dodging
 - Level 2.4 Invocations


You had 3 spell levels left.
You didn't know any spells.

Dungeon Overview and Level Annotations

Branches:
Dungeon (3/15)

Altars:
Ashenzari

Annotations:
D:3 Natasha


Innate Abilities, Weirdness & Mutations

You regenerate health from kills.


Message History

You hit the shadow imp but do no damage.
Natasha closely misses you. The shadow imp barely misses you.
Natasha completely misses you.
You hit the shadow imp.
The shadow imp is lightly wounded.
The shadow imp disappears for a moment.
The shadow imp misses you. Natasha barely misses you.
The shadow imp barely misses you. Natasha claws you!
* * * LOW HITPOINT WARNING * * *
The shadow imp shouts, "Run away, thou rank full-gorged gnoll-tail!"
The shadow imp closely misses you. The shadow imp misses you.
Natasha casts a spell.
Natasha zaps a wand.
You resist with some effort.
Things that are here:
a dagger; a goblin corpse; a worm corpse The shadow imp gestures at you.
Pain shoots through your body!
You die...

#.##....#.#
#.........# #.. #.#
#...######.#####
#..............###.#
..........h5.......#
#.........5........#
#.......###)###....#
#.......# #b# ...#
###.##### #†# . # #.
#.# # #.## #..#
##.## #..# ##.# #.##
#.#


You could see Natasha, a crimson imp and a shadow imp.

Vanquished Creatures
  Natasha (D:3)
  An adder (D:2)
  2 oozes (D:2)
  4 worms
  2 dart slugs (D:1)
  3 leopard geckos
  3 orcs
  A giant cockroach (D:3)
  7 goblins
  7 hobgoblins
  7 jackals
  2 quokkas (D:2)
  A ball python (D:1)
  4 bats
  3 frilled lizards
  11 kobolds
  8 rats
67 creatures vanquished.

Notes
Turn   | Place    | Note
-------+----------+-------------------------------------------
     0 | Abyss:1  | Gaball the Demonspawn Abyssal Knight began the quest for the Orb.
     0 | Abyss:1  | Reached XP level 1. HP: 18/18 MP: 2/2
     5 | Abyss:1  | Noticed a small abomination
    38 | Abyss:1  | Noticed an insubstantial wisp
    38 | Abyss:1  | Noticed a large abomination
   103 | Abyss:1  | Noticed a starcursed mass
   106 | D:1      | Escaped the Abyss
   222 | D:1      | Reached * piety under Lugonu
   222 | D:1      | Reached skill level 2 in Long Blades
   333 | D:1      | Gained mutation: You regenerate a little health from kills. [demonic ancestry]
   333 | D:1      | Reached XP level 2. HP: 21/24 MP: 3/3
   510 | D:1      | Reached skill level 3 in Long Blades
   694 | D:1      | Reached XP level 3. HP: 25/29 MP: 4/4
   909 | D:2      | Found a shattered altar of Ashenzari.
  1113 | D:2      | Reached ** piety under Lugonu
  1244 | D:2      | Gained mutation: You regenerate health from kills. [demonic ancestry]
  1244 | D:2      | Reached XP level 4. HP: 30/35 MP: 5/5
  1254 | D:2      | Reached skill level 4 in Long Blades
  1451 | D:3      | Noticed Natasha
  1738 | D:3      | Killed Natasha
  1759 | D:3      | Noticed Natasha
  1785 | D:3      | Killed from afar by a shadow imp

Skill      XL: |  1  2  3  4 |
---------------+-------------+-----
Long Blades    | 2 3 4 |  4.7
Fighting       | |  3.0
Armour         | |  1.7
Dodging        | |  0.8
Invocations    | |  2.4

Action                   |  1- 3 |  4- 6 || total
-------------------------+-------+-------++-------
Melee: Falchion          |    97 |   122 ||   219
       Unarmed           |       |     3 ||     3
Invok: Depart the Abyss  |     1 |       ||     1
  Eat: Chunk             |     1 |     2 ||     3
Armor: Leather armour    |    22 |       ||    22
       Scale mail        |     5 |    41 ||    46
Dodge: Dodged            |    58 |    83 ||   141
       Rpst.: Falchion   |    22 |    20 ||    42
